 Dungeon Crawl Stone Soup version 0.18.1-47-g9310371 (webtiles) character file.

1049 Shtopit the Conjurer (level 8, -4/41 HPs)
             Began as a Deep Elf Conjurer on June 20, 2016.
             Killed by an exploding fulminant prism (27 damage)
             ... created by Shtopit's ghost
             ... on level 6 of the Dungeon.
             The game lasted 00:23:23 (5843 turns).

Shtopit the Conjurer (Deep Elf Conjurer)            Turns: 5843, Time: 00:23:23

Health: -4/41      AC:  3    Str:  5    XL:     8   Next: 5%
Magic:  8/20       EV: 14    Int: 23    God:
Gold:   207        SH:  7    Dex: 15    Spells: 6 memorised, 7 levels left

rFire  . . .     SeeInvis .     m - +1 whip (venom)
rCold  . . .     Gourm    .     a - +0 robe
rNeg   . . .     Faith    .     l - +3 warlock's mirror {reflect}
rPois  .         Spirit   .     (no helmet)
rElec  .         Dismiss  .     (no cloak)
rCorr  .         Reflect  +     f - +0 pair of gloves
SustAt .         Harm     .     (no boots)
MR     .....                    (no amulet)
Stlth  +++.......               (no ring)
                                (no ring)

@: not resistant to hostile enchantments, fairly stealthy
A: no striking features
a: no special abilities


You were on level 6 of the Dungeon.
You were not hungry.

You visited 1 branch of the dungeon, and saw 6 of its levels.

You collected 207 gold pieces.

Inventory:

Hand Weapons
 m - a +1 whip of venom (weapon)
 r - a +0 hunting sling of flaming
Missiles
 A - 3 needles of sleeping
Armour
 a - a +0 robe (worn)
 f - a +0 pair of gloves (worn)
 l - the +3 warlock's mirror (worn) {reflect}
   (You found it on level 4 of the Dungeon)
Scrolls
 d - a scroll of recharging {unknown}
 g - a scroll of amnesia
 q - a scroll of fog {unknown}
 s - a scroll of blinking
 t - 3 scrolls of remove curse
 u - a scroll of fear {unknown}
 v - 2 scrolls of magic mapping
 z - a scroll of enchant weapon
Potions
 e - a potion of agility
 h - a potion of magic
 j - a potion of brilliance {unknown}
 p - a potion of degeneration
 x - a potion of heal wounds
Books
 b - a book of Conjurations

   Spells                             Type                      Level
   a - Magic Dart                     Conjuration                  1
   b - Searing Ray                    Conjuration                  2
   c - Dazzling Spray                 Conjuration/Hexes            3
   d - Fulminant Prism                Conjuration/Hexes            4
   e - Iskenderun's Mystic Blast      Conjuration                  4
   f - Iskenderun's Battlesphere      Conjuration/Charms           5
 y - a book of Spatial Translocations

   Spells                             Type                      Level
   a - Apportation                    Translocation                1
   b - Blink                          Translocation                2
   c - Shroud of Golubria             Charms/Translocation         2
   d - Portal Projectile              Translocation                3
   e - Teleport Other                 Translocation                3
   f - Passage of Golubria            Translocation                4
Comestibles
 c - 4 bread rations
 i - 2 beef jerkies
 k - a chunk of flesh
 n - 3 fruits
 o - 3 slices of pizza


   Skills:
 + Level 0.2 Fighting
 + Level 0.3 Maces & Flails
 + Level 5.0 Dodging
 + Level 3.9 Stealth
 * Level 1.9 Shields
 + Level 6.7 Spellcasting
 + Level 7.2 Conjurations
 * Level 3.2 Translocations


You had 7 spell levels left.
You knew the following spells:

 Your Spells              Type           Power        Failure   Level  Hunger
a - Magic Dart            Conj           ####         1%          1    None
b - Searing Ray           Conj           #####.       1%          2    None
c - Iskenderun's Mystic   Conj           #####...     8%          4    ###....
d - Apportation           Tloc           ###.......   3%          1    None
e - Blink                 Tloc           N/A          6%          2    None
f - Teleport Other        Tloc           ###.....     12%         3    None


Dungeon Overview and Level Annotations

Branches:
Dungeon (6/15)
 Temple: D:4-7

Altars:
Ashenzari
Qazlal
Zin

Annotations:
D:6 Shtopit's ghost, novice DECj


Message History

The orb of energy hits Shtopit's ghost.
Shtopit's ghost is moderately damaged.
Shtopit's ghost gestures at you while chanting.
The orb of energy hits you!
Casting: Iskenderun's Mystic Blast
Confirm with . or Enter, or press ? or * to list all spells.
Aiming: Iskenderun's Mystic Blast
Press: ? - help, Shift-Dir - straight line, f/p - Shtopit's ghost
Aim: Shtopit's ghost, wielding a vorpal weapon (moderately damaged)
The orb of energy misses Shtopit's ghost.
Shtopit's ghost points at thin air and mumbles some strange words.
Shtopit's ghost conjures a prism of explosive energy!
Shtopit's ghost stares at you.
The fulminant prism crackles loudly.
The fulminant prism explodes!
The blast of energy engulfs the jackal.
The jackal dies!
The blast of energy engulfs you!
Ouch! That really hurt!
You die...

######
#################..^.##
)...............@.....#
#################.....#
.M............ #.....#
#######...##W. ......#
.%.'' ..####.# ...##
.W. .# P..# .... # ###
P..# ..... ..# ...#


There were no monsters in sight!

Vanquished Creatures
  Grinder (D:5)
  Menkaure (D:6)
  A necrophage (D:5)
  2 scorpions (D:5)
  A howler monkey (D:4)
  A giant frog zombie (D:5)
  A hound (D:5)
  An orc priest (D:4)
  An orc wizard (D:4)
  2 iguanas
  Jessica (D:3)
  A worker ant (D:4)
  A hound zombie (D:6)
  A hound skeleton (D:4)
  6 gnolls
  11 adders
  3 oozes
  2 worms
  A dart slug (D:1)
  5 giant geckos
  11 orcs
  3 giant cockroaches
  4 goblins
  3 hobgoblins
  11 jackals
  A ball python (D:2)
  A ball python skeleton (D:5)
  9 bats
  2 giant newts (D:1)
  5 kobolds
  A quokka skeleton (D:4)
  4 rats
99 creatures vanquished.

Vanquished Creatures (others)
  A jackal (D:6)
1 creature vanquished.

Grand Total: 100 creatures vanquished

Notes
Turn   | Place    | Note
--------------------------------------------------------------
     0 | D:1      | Shtopit the Deep Elf Conjurer began the quest for the Orb.
     0 | D:1      | Reached XP level 1. HP: 10/10 MP: 6/6
   216 | D:1      | Reached XP level 2. HP: 15/15 MP: 4/8
   570 | D:1      | Reached skill level 5 in Conjurations
   982 | D:1      | Learned a level 2 spell: Searing Ray
  1066 | D:2      | Reached XP level 3. HP: 19/19 MP: 7/9
  1079 | D:2      | Found a stormy altar of Qazlal.
  1438 | D:2      | Found a faded altar to an unknown god.
  1647 | D:2      | Reached XP level 4. HP: 21/24 MP: 4/12
  1717 | D:2      | Learned a level 4 spell: Iskenderun's Mystic Blast
  2342 | D:3      | Found a shattered altar of Ashenzari.
  2597 | D:3      | Found a glowing silver altar of Zin.
  2650 | D:3      | Reached XP level 5. HP: 28/28 MP: 12/14
  2654 | D:3      | Learned a level 1 spell: Apportation
  2657 | D:3      | Learned a level 2 spell: Blink
  2665 | D:3      | Noticed Jessica
  2669 | D:3      | Killed Jessica
  3050 | D:4      | Reached skill level 5 in Spellcasting
  3091 | D:4      | Reached skill level 6 in Conjurations
  3091 | D:4      | Reached skill level 1 in Translocations
  3121 | D:4      | Reached XP level 6. HP: 32/32 MP: 10/15
  3885 | D:5      | Entered Level 5 of the Dungeon
  3929 | D:5      | Reached skill level 1 in Shields
  4348 | D:5      | Reached XP level 7. HP: 21/36 MP: 10/17
  4586 | D:5      | Noticed Grinder
  4590 | D:5      | Killed Grinder
  5259 | D:6      | Learned a level 3 spell: Teleport Other
  5268 | D:6      | Noticed a hill giant
  5286 | D:6      | Noticed Menkaure
  5288 | D:6      | Noticed Shtopit's ghost (novice DECj)
  5525 | D:6      | Killed Menkaure
  5525 | D:6      | Reached skill level 7 in Conjurations
  5525 | D:6      | Reached XP level 8. HP: 41/41 MP: 10/20
  5538 | D:6      | Reached skill level 5 in Dodging
  5843 | D:6      | Killed by an exploding fulminant prism

Skill      XL: |  1  2  3  4  5  6  7  8 |
---------------+-------------------------+-----
Conjurations   | 5 6 7 |  7.2
Stealth        | 3 |  3.9
Spellcasting   | 4 5 6 |  6.7
Dodging        | 3 4 5 |  5.0
Translocations | 1 2 3 |  3.2
Shields        | 1 |  1.9
Fighting       | |  0.2
Maces & Flails | |  0.3

Action                   |  1- 3 |  4- 6 |  7- 9 || total
-------------------------+-------+-------+-------++-------
Melee: Whip              |       |    10 |       ||    10
 Cast: Magic Dart        |    73 |    86 |    25 ||   184
       Searing Ray       |     1 |    15 |     8 ||    24
       Iskenderun's Myst |       |     7 |     8 ||    15
       Teleport Other    |       |       |     1 ||     1
  Use: Scroll            |       |     7 |     1 ||     8
       Potion            |       |     5 |       ||     5
  Eat: Chunk             |     2 |     9 |     4 ||    15
       Royal jelly       |       |       |     1 ||     1
Armor: Robe              |     3 |    25 |       ||    28
       Skin              |       |    15 |       ||    15
Dodge: Dodged            |    10 |    56 |     5 ||    71
Block: Buckler           |       |     7 |     5 ||    12
